 Dungeon Crawl Stone Soup version 0.29-a0-319-gad05b8d819 (webtiles) character file.

Game seed: 13788248493396583181

16 GigaChad the Slasher (level 2, 0/19 HPs)
             Began as a Tengu Berserker on Apr 1, 2022.
             Was a Follower of Trog.
             Slain by a kobold
             ... wielding a +2 dagger of electrocution
              (3 damage)
             ... on level 2 of the Dungeon.
             The game lasted 00:02:29 (445 turns).

GigaChad the Slasher (Tengu Berserker)               Turns: 445, Time: 00:02:29

Health: 0/19       AC:  2    Str: 17    XL:     2   Next: 58%
Magic:  3/3        EV: 12    Int:  7    God:    Trog [*.....]
Gold:   41         SH:  0    Dex: 13    Spells: 1/1 levels left

rFire   . . .      SeeInvis .   a - +0 falchion
rCold   . . .      Faith    .   (no shield)
rNeg    . . .      Spirit   .   b - +0 animal skin
rPois   .          Reflect  .   (helmet restricted)
rElec   .          Harm     .   (no cloak)
rCorr   .          Rampage  .   (no gloves)
Will    .....                   (boots unavailable)
Stlth   +.........              (no amulet)
HPRegen 0.06/turn               (no ring)
MPRegen 0.08/turn               (no ring)

@: no status effects
A: beak, talons 3
a: Renounce Religion, Berserk


You were on level 2 of the Dungeon.
You worshipped Trog.
Trog was aware of your devotion.
You visited 1 branch of the dungeon, and saw 2 of its levels.

You collected 41 gold pieces.

Inventory:

Hand Weapons
 a - a +0 falchion (weapon)
 f - a +0 hand axe
Armour
 b - a +0 animal skin (worn)
Scrolls
 c - a scroll of torment {unknown}
Potions
 d - a potion of curing {unknown}
 e - a potion of mutation {unknown}


   Skills:
 + Level 3.2 Fighting
 + Level 3.9 Long Blades
 + Level 2.2 Armour
 + Level 2.2 Dodging


You had one spell level left.
You didn't know any spells.
Your spell library contained the following spells:

 Spells                   Type           Power      Damage    Failure   Level
 Corpse Rot               Necr/Air       0%         N/A       56%         2
 Dispel Undead            Necr           0%         3d6       99%         4
 Death Channel            Necr           0%         N/A       100%        6


Dungeon Overview and Level Annotations

Branches:
Dungeon (2/15)

Altars:


Innate Abilities, Weirdness & Mutations

You have a beak for a mouth.
You have claws for feet.


Message History

The endoplasm quivers.
You hit the endoplasm. You claw the endoplasm.
You kill the endoplasm!
Trog accepts your kill.
A ball python comes into view.
The ball python hisses angrily.
The ball python bites you but does no damage.
The ball python grabs you. The ball python constricts you.
The ball python bites you. The ball python constricts you.
You hit the ball python.
You kill the ball python!
Trog accepts your kill.
Found 6 gold pieces.
You now have 40 gold pieces (gained 6).
There is a stone staircase leading down here.
You climb downwards.
Found a gold piece.
Found a stone staircase leading up.
There is a stone staircase leading up here.
You now have 41 gold pieces (gained 1).
Found a hand axe.
You see here a +0 hand axe.
f - a +0 hand axe A kobold comes into view.
It is wielding a +0 short sword.
The kobold shouts!
A kobold comes into view.
It is wielding a +2 dagger of electrocution.
The kobold barely misses you.
The kobold hits you with a +0 short sword.
The kobold closely misses you.
You hit the kobold. You claw the kobold.
You kill the kobold!
Trog accepts your kill. The kobold barely misses you.
The kobold hits you with a +2 dagger of electrocution.
Things that are here:
a +0 short sword; a kobold corpse The kobold hits you with a +2 dagger of electrocution.
* * * LOW HITPOINT WARNING * * *
You closely miss the kobold. You claw the kobold, but do no damage.
The kobold hits you with a +2 dagger of electrocution.
You die...

#........#
#..<.....# .#
#........#### .#
#........... ..##
#.........##....
#.........##..###
#................
#................
#.......@).......
########K........
#.........
#.........
.......#.#
..####### . ..
...


You could see a kobold.

Vanquished Creatures
  4 endoplasms (D:1)
  A giant cockroach (D:1)
  A hobgoblin (D:1)
  2 quokkas (D:1)
  A ball python (D:1)
  2 bats (D:1)
  2 kobolds
  2 rats (D:1)
15 creatures vanquished.

Notes
Turn   | Place    | Note
-------+----------+-------------------------------------------
     0 | D:1      | GigaChad the Tengu Berserker began the quest for the Orb.
     0 | D:1      | Reached XP level 1. HP: 14/14 MP: 2/2
   136 | D:1      | Reached XP level 2. HP: 11/19 MP: 3/3
   445 | D:2      | Slain by a kobold

Illustrated notes

Levels and vault maps discovered:
D:1:      dpeg_arrival_rooms_b, layout_loops_ring
D:2:      layout_basic, ebering_ecumenical_altar_webs, minmay_tiny_reverse_x

Action                   || total
-------------------------++-------
Melee: Falchion          ||    31
       Peck              ||     7
       Kick              ||     9
  Use: Scroll            ||     1
Armor: Animal skin       ||     6
Dodge: Dodged            ||    19

Table legend: (Time is in decaauts)
 A = Elapsed time spent in this place.
 B = Non-inter-level travel time spent in this place.
 C = Inter-level travel time spent in this place.
 D = Time resting spent in this place.
 E = Time spent auto-exploring this place.
 F = Levels seen in this place.
 G = Mean time per level.
                   A        B        C        D        E       F      G
               +--------+--------+--------+--------+--------+-----+--------+
         Total |    448 |    439 |      9 |      0 |      0 |   2 |  224.0 |
       Dungeon |    448 |    439 |      9 |      0 |      0 |   2 |  224.0 |
               +--------+--------+--------+--------+--------+-----+--------+

Top non-repeatable levels by time:
     D:1: 423 daAuts
     D:2: 24 daAuts
